 Dungeon Crawl Stone Soup version bcrawl-1.19.2-6-g6a88ae04c9 (webtiles) character file.

Game seed: 18243294304360521829

678 Mrkan the Chopper (level 7, -3/62 HPs)
             Began as a Minotaur Fighter on Dec 27, 2019.
             Was a Believer of Zin.
             Slain by a wight
             ... wielding a cursed +0 halberd
              (4 damage)
             ... on level 4 of the Dungeon.
             The game lasted 00:05:57 (4184 turns).

Mrkan the Chopper (Minotaur Fighter)                Turns: 4184, Time: 00:05:57

Health: -3/62      AC: 10    Str: 20    XL:     7   Next: 34%
Magic:  7/7        EV:  3    Int:  5    God:    Zin [**....]
Gold:   235        SH:  9    Dex: 12    Spells: 6/6 levels left

rFire    . . .     SeeInvis .   a - +0 war axe
rCold    . . .     Gourm    .   c - +0 shield
rNeg     . . .     Faith    .   z - +0 plate armour
rPois    .         Spirit   .   (helmet restricted)
rElec    .         Reflect  .   (no cloak)
rCorr    .         Harm     .   (no gloves)
MR       .....                  (no boots)
Stlth    ..........             (no amulet)
HPRegen  0.20/turn              (no ring)
MPRegen  0.10/turn              (no ring)

@: heavily drained
A: retaliatory headbutt, horns 2
a: Recite, Vitalisation, Donate Gold, Renounce Religion


You were on level 4 of the Dungeon.
You worshipped Zin.
Zin was pleased with you.
You were not hungry.

You visited 1 branch of the dungeon, and saw 5 of its levels.

You collected 261 gold pieces.
You donated 26 gold pieces to Zin.

Inventory:

Hand Weapons
 a - a +0 war axe (weapon)
Armour
 c - a +0 shield (worn)
 z - a +0 plate armour (worn)
Jewellery
 k - an uncursed ring of protection from magic {unknown}
 s - a cursed +4 ring of protection {unknown}
 u - an uncursed ring of protection from magic {unknown}
 y - an uncursed ring of stealth {unknown}
Wands
 w - a wand of flame (11)
Scrolls
 b - 2 scrolls of amnesia {unknown}
 e - 3 scrolls of immolation {unknown}
 g - 4 scrolls of enchant armour {unknown}
 i - 3 scrolls of remove curse {unknown}
 j - a scroll of noise {unknown}
 l - 4 scrolls of identify {unknown}
 n - a scroll of magic mapping {unknown}
 v - a scroll of fear {unknown}
 x - a scroll of teleportation {unknown}
Potions
 d - a potion of degeneration {unknown}
 h - 2 potions of flight {unknown}
 m - 2 potions of heal wounds {unknown}
 o - 2 potions of brilliance {unknown}
 p - a potion of curing {unknown}
 q - 3 potions of lignification {unknown}
 r - a potion of ambrosia {unknown}
 t - 2 potions of haste {unknown}
Comestibles
 f - 5 rations {!d}


   Skills:
 + Level 5.8(3.4) Fighting
 * Level 6.9(4.4) Axes
 - Level 3.8(1.5) Armour
 + Level 5.8(3.4) Shields
 + Level 2.0(0.0) Invocations


You had 6 spell levels left.
You didn't know any spells.
Your spell library was empty.

Dungeon Overview and Level Annotations

Branches:
Dungeon (5/12)
 Temple: D:4-7

Altars:
Elyvilon
Sif Muna
Zin
The Shining One


Innate Abilities, Weirdness & Mutations

You reflexively headbutt those who attack you in melee.
You have a pair of horns on your head.


Message History

The wight barely misses you.
You hit the wight.
You headbutt the wight, but do no damage.
The wight is severely damaged.
You slash the orc!
You kill the orc!
The wight hits you with a cursed +0 halberd!
* * * LOW HITPOINT WARNING * * *
You closely miss the wight. Your headbutt misses the wight.
The wight is severely damaged.
The wight hits you with a cursed +0 halberd.
* * * LOW HITPOINT WARNING * * *
You feel drained.
* * * LOW HITPOINT WARNING * * *
You hit the wight. Your headbutt misses the wight.
The wight is almost destroyed.
The wight hits you with a cursed +0 halberd!
* * * LOW HITPOINT WARNING * * *
You feel drained.
You die...

#.##...##.## ...♣#♣.)..♣##
#.##...##..# ♣...♣#♣♣♣♣♣#.
#.##...##..### ♣..♣######.
#.##.........###♣......... #
#.##...........###...o.##.
#.####.##..###.##.#.....o.####=
#..........###)##.##..##### #.
#.............[(.....># #.
##.###.###..>)@z..##.## #z #
#.#############.# #o #...z..#
#^# ## ######.# #.# ## ##Z #.#
#.# #.####..
#.########.##........
#.z..z.....).........
#############..###### ..# ##


You could see a wight.

Vanquished Creatures
  A phantom (D:4)
  An ice beast (D:5)
  A scorpion (D:4)
  2 wights (D:4)
  A crimson imp (D:4)
  A jelly (D:3)
  2 orc priests (D:3)
  A hound (D:4)
  A worker ant (D:4)
  An orc wizard (D:3)
  An adder (D:3)
  4 gnolls (D:3)
  An ooze (D:3)
  3 worms
  2 dart slugs
  5 leopard geckos
  10 orcs
  A ball python (D:2)
  9 goblins
  11 hobgoblins
  4 jackals (D:4)
  9 kobolds
  3 quokkas
  3 bats
  6 frilled lizards
  6 rats
90 creatures vanquished.

Notes
Turn   | Place    | Note
-------+----------+-------------------------------------------
     0 | D:1      | Mrkan the Minotaur Fighter began the quest for the Orb.
     0 | D:1      | Reached XP level 1. HP: 19/19 MP: 0/0
   326 | D:1      | Reached XP level 2. HP: 27/27 MP: 1/1
   358 | D:1      | Reached skill level 3 in Axes
   648 | D:2      | Found a glowing golden altar of the Shining One.
   660 | D:2      | Reached XP level 3. HP: 22/33 MP: 2/2
  1506 | D:3      | Reached skill level 4 in Axes
  1507 | D:3      | Reached XP level 4. HP: 28/40 MP: 3/3
  1609 | D:3      | HP: 2/41 [something (1)]
  1615 | D:3      | HP: 2/41 [something/puff of flame (1)]
  1619 | D:3      | Reached XP level 5. HP: 2/47 MP: 4/4
  1954 | D:3      | Reached skill level 5 in Axes
  2074 | D:3      | Found a shimmering blue altar of Sif Muna.
  2082 | D:3      | Reached skill level 5 in Shields
  2226 | D:3      | Reached skill level 5 in Fighting
  2391 | D:3      | Found a glowing silver altar of Zin.
  2545 | D:3      | Became a worshipper of Zin the Law-Giver
  2545 | D:3      | Reached * piety under Zin
  2905 | D:4      | Reached XP level 6. HP: 51/56 MP: 5/5
  3031 | D:4      | Found a white marble altar of Elyvilon.
  3059 | D:4      | Reached ** piety under Zin
  3277 | D:4      | Reached skill level 6 in Axes
  3302 | D:4      | Reached skill level 1 in Invocations
  3566 | D:4      | Reached XP level 7. HP: 54/61 MP: 7/7
  3698 | D:4      | HP: 1/61 [ice beast (9)]
  3737 | D:5      | Entered Level 5 of the Dungeon
  4184 | D:4      | HP: 1/62 [wight/cursed +0 halberd (9)]
  4184 | D:4      | Slain by a wight

Skill      XL: |  1  2  3  4  5  6  7 |
---------------+----------------------+-----
Axes           | 3 4 5 6 |  6.9
Fighting       | 4 5 |  5.8
Shields        | 4 5 |  5.8
Invocations    | 1 2 |  2.0
Armour         | |  3.8

Action                   |  1- 3 |  4- 6 |  7- 9 || total
-------------------------+-------+-------+-------++-------
Melee: War axe           |   103 |   128 |    37 ||   268
       Headbutt          |    11 |    35 |     6 ||    52
  Use: Potion            |       |     1 |       ||     1
  Eat: Chunk             |     2 |     6 |       ||     8
       Ration            |       |       |     1 ||     1
Armor: Scale mail        |    16 |       |       ||    16
       Chain mail        |    36 |    61 |       ||    97
       Plate armour      |       |     1 |    35 ||    36
Dodge: Dodged            |    20 |    25 |     9 ||    54
Block: Shield            |    58 |    56 |    22 ||   136
